 Dungeon Crawl Stone Soup version 0.23.2-33-g5129a83184 (webtiles) character file.

Game seed: 11285232401667139666

227 FishyPogo the Conjurer (level 5, -1/28 HPs)
             Began as a Deep Elf Conjurer on Aug 3, 2019.
             Killed from afar by Sigmund (5 damage)
             ... with a magic dart
             ... on level 3 of the Dungeon.
             The game lasted 00:16:37 (2822 turns).

FishyPogo the Conjurer (Deep Elf Conjurer)          Turns: 2822, Time: 00:16:37

Health: -1/28      AC:  3    Str:  5    XL:     5   Next: 70%
Magic:  6/13       EV: 13    Int: 21    God:
Gold:   84         SH:  0    Dex: 15    Spells: 7/12 levels left

rFire    . . .     SeeInvis .   b - +2 spear (pierce)
rCold    . . .     Gourm    .   (no shield)
rNeg     . . .     Faith    .   d - +0 robe
rPois    .         Spirit   .   (no helmet)
rElec    .         Reflect  .   (no cloak)
rCorr    .         Harm     .   (no gloves)
MR       .....                  r - +0 pair of boots (curse)
Stlth    ++........             (no amulet)
HPRegen  0.09/turn              (no ring)
MPRegen  0.13/turn              (no ring)

@: no status effects
A: no striking features
a: no special abilities


You were on level 3 of the Dungeon.
You were not hungry.

You visited 1 branch of the dungeon, and saw 3 of its levels.

You collected 84 gold pieces.

Inventory:

Hand Weapons
 a - a +1 short sword of venom
 b - a +2 spear of piercing (weapon)
Armour
 d - a +0 robe (worn)
 h - a +0 buckler
 n - a +2 pair of boots of running
 r - a cursed +0 pair of boots (worn)
Scrolls
 f - 4 scrolls of identify {unknown}
 g - 2 scrolls of fog {unknown}
 i - 5 scrolls of remove curse {unknown}
 j - a scroll of blinking {unknown}
 m - a scroll of immolation {unknown}
 o - a scroll of enchant weapon {unknown}
 p - a scroll of teleportation {unknown}
 q - 4 scrolls of magic mapping {unknown}
 t - a scroll of enchant armour {unknown}
Potions
 e - 3 potions of curing {unknown}
 k - a potion of mutation {unknown}
 l - a potion of ambrosia {unknown}
Comestibles
 c - 5 rations
 s - 3 chunks of flesh


   Skills:
 * Level 0.2 Polearms
 + Level 2.6 Dodging
 + Level 3.4 Stealth
 * Level 0.4 Shields
 + Level 4.4 Spellcasting
 + Level 6.6 Conjurations


You had 7 spell levels left.
You knew the following spells:

 Your Spells              Type           Power        Failure   Level  Hunger
a - Magic Dart            Conj           ####         1%          1    None
b - Iskenderun's Mystic   Conj           ####....     8%          4    ####...

Your spell library contained the following spells:

 Spells                   Type           Power        Failure   Level  Hunger
 Searing Ray              Conj           ####..       1%          2    #......
 Dazzling Spray           Conj/Hex       ###...       9%          3    ##.....
 Force Lance              Conj/Tloc      ###.....     28%         4    ####...
 Fulminant Prism          Conj/Hex       ###.......   28%         4    ####...


Dungeon Overview and Level Annotations

Branches:
Dungeon (3/15)

Altars:

Annotations:
D:3 Sigmund


Message History

* * * LOW HITPOINT WARNING * * *
Casting: Magic Dart (safe; 1% risk of failure)
Confirm with . or Enter, or press ? or * to list all spells.
Aiming: Magic Dart (safe; 1% risk of failure)
Press: ? - help, Shift-Dir - straight line The magic dart hits something but does no damage.
Something barely misses you.
Casting: Magic Dart (safe; 1% risk of failure)
Confirm with . or Enter, or press ? or * to list all spells.
Aiming: Magic Dart (safe; 1% risk of failure)
Press: ? - help, Shift-Dir - straight line The magic dart hits something but does no damage.
You hear some strange, mumbled words.
Something tries to affect you, but you resist.
You hear some strange, mumbled words.
Something tries to affect you, but you resist.
Found a scroll labeled FUHOUK BEAG PURRO.
A magic dart appears from out of thin air!
The magic dart hits you.
You die...

## ############ #.
##........%.#########.
##.....................
#.................###..
#....).........##......
#.....@...{....######..
#.............?# ##.
#.<............## #.
##................ #.
##...(............###.
#####.##.............
#.##.........###.
#.##.......... #. .#
.... ##


There were no monsters in sight!

Vanquished Creatures
  A bullfrog skeleton (D:2)
  Jessica (D:3)
  10 adders
  An ooze (D:3)
  4 worms
  4 dart slugs
  4 orcs (D:2)
  4 giant cockroaches
  7 goblins
  5 hobgoblins
  A ball python (D:2)
  6 bats
  6 frilled lizards
  6 kobolds
  4 rats
64 creatures vanquished.

Notes
Turn   | Place    | Note
-------+----------+-------------------------------------------
     0 | D:1      | FishyPogo the Deep Elf Conjurer began the quest for the
                  | Orb.
     0 | D:1      | Reached XP level 1. HP: 10/10 MP: 6/6
   476 | D:1      | Reached XP level 2. HP: 15/15 MP: 5/8
   675 | D:1      | Reached skill level 5 in Conjurations
  1041 | D:2      | Reached XP level 3. HP: 19/19 MP: 3/9
  1196 | D:2      | Reached XP level 4. HP: 6/24 MP: 4/11
  1414 | D:2      | Reached skill level 6 in Conjurations
  1518 | D:2      | Learned a level 4 spell: Iskenderun's Mystic Blast
  1751 | D:2      | Reached XP level 5. HP: 28/28 MP: 9/12
  1962 | D:3      | Noticed Sigmund
  2530 | D:3      | Noticed Jessica
  2695 | D:3      | Killed Jessica
  2822 | D:3      | Killed from afar by Sigmund

Skill      XL: |  1  2  3  4  5 |
---------------+----------------+-----
Conjurations   | 5 6 |  6.6
Stealth        | 3 |  3.4
Spellcasting   | 4 |  4.4
Polearms       | |  0.2
Dodging        | |  2.6
Shields        | |  0.4

Action                   |  1- 3 |  4- 6 || total
-------------------------+-------+-------++-------
Melee: Unarmed           |     2 |       ||     2
       Short sword       |     2 |    11 ||    13
       Spear             |       |    18 ||    18
 Cast: Magic Dart        |    42 |    99 ||   141
       Iskenderun's Myst |       |     1 ||     1
 Stab: Sleeping          |       |     1 ||     1
  Eat: Chunk             |     1 |     5 ||     6
Armor: Robe              |     1 |     4 ||     5
Dodge: Dodged            |     6 |    26 ||    32
